 Dungeon Crawl Stone Soup version 0.19.4 (webtiles) character file.

488 JeffiDaFish the Stinger (level 6, -7/43 HPs)
             Began as a Demonspawn Venom Mage on Feb 3, 2017.
             Mangled by blobert's ghost (14 damage)
             ... on level 5 of the Dungeon.
             The game lasted 00:16:27 (3992 turns).

JeffiDaFish the Stinger (Demonspawn Venom Mage)     Turns: 3992, Time: 00:16:27

Health: -7/43      AC:  7    Str:  8      XL:     6   Next: 90%
Magic:  10/10      EV: 12    Int: 14 (16) God:
Gold:   193        SH:  0    Dex: 15 (16) Spells: 2 memorised, 7 levels left

rFire  + . .     SeeInvis .     g - +1 hand axe
rCold  . . .     Gourm    .     e - +3 leather armour {rF+}
rNeg   . . .     Faith    .     (no shield)
rPois  .         Spirit   .     (no helmet)
rElec  .         Reflect  .     d - +0 cloak
rCorr  .         Harm     .     (no gloves)
MR     .....                    (no boots)
Stlth  ++........               m - amulet of magic regeneration
                                (no ring)
                                (no ring)

@: no status effects
A: claws 1, demonic guardian 1
a: no special abilities


You were on level 5 of the Dungeon.
You were not hungry.

You visited 1 branch of the dungeon, and saw 5 of its levels.

You collected 193 gold pieces.

Inventory:

Hand Weapons
 g - a +1 hand axe (weapon)
Armour
 d - a +0 cloak (worn)
 e - a +3 leather armour of fire resistance (worn)
Jewellery
 m - an amulet of magic regeneration (around neck)
Wands
 o - a wand of teleportation (4/9)
Scrolls
 i - 2 scrolls of remove curse
 j - a scroll of recharging
 l - a scroll of fear
 p - a scroll of identify {unknown}
Potions
 n - a potion of cure mutation
Books
 b - a Young Poisoner's Handbook

   Spells                             Type                      Level
   a - Sting                          Conjuration/Poison           1
   b - Mephitic Cloud                 Conjuration/Poison/Air       3
   c - Olgreb's Toxic Radiance        Poison                       4
   d - Alistair's Intoxication        Transmutation/Poison         5
   e - Venom Bolt                     Conjuration/Poison           5
Comestibles
 c - 3 bread rations
 f - 4 chunks of flesh
 h - 4 fruits
 k - a slice of pizza


   Skills:
 + Level 1.6 Fighting
 + Level 1.9 Axes
 + Level 2.8 Dodging
 + Level 3.0 Stealth
 * Level 3.0 Spellcasting
 * Level 2.6 Conjurations
 * Level 1.9 Air Magic
 + Level 4.9 Poison Magic


You had 7 spell levels left.
You knew the following spells:

 Your Spells              Type           Power        Failure   Level  Hunger
a - Sting                 Conj/Pois      ##..         8%          1    #......
b - Mephitic Cloud        Conj/Pois/Air  ##......     30%         3    ###....


Dungeon Overview and Level Annotations

Branches:
Dungeon (5/15)
 Temple: D:4-7

Altars:
Ashenzari
Dithmenos
Elyvilon
Kikubaaqudgha
Trog

Annotations:
D:5 blobert's ghost, novice MfGl


Innate Abilities, Weirdness & Mutations

You have sharp fingernails.
A weak demonic guardian rushes to your aid.


Message History

Your ufetubus closely misses blobert's ghost.
Your ufetubus misses blobert's ghost. You miss blobert's ghost.
Blobert's ghost is moderately damaged.
Your ufetubus closely misses blobert's ghost.
Your ufetubus hits blobert's ghost. Blobert's ghost hits you!
* * * LOW HITPOINT WARNING * * *
Your quasit disappears in a puff of smoke!
Your ufetubus hits blobert's ghost but does no damage.
Your ufetubus hits blobert's ghost.
You float gracefully downwards.
Your ufetubus hits blobert's ghost.
Your ufetubus closely misses blobert's ghost.
Your ufetubus disappears in a puff of smoke!
Your shadow imp hits blobert's ghost.
Your shadow imp hits blobert's ghost.
Blobert's ghost says, "Ah, a second chance to prove myself in battle!"
There is a stone staircase leading up here.
Blobert's ghost hits you!
You die...

#............?......##
#...................#
##............W.....#
#.................##
##................#
#...............##
##### ##......>5......#
#....##
##......W..)[..##
......#
##....5@.[..÷..#
.......
#..........÷..##.......
##>............#.......
##.............#......
###....###.....#.>...
#...#### ##.....#....
..### ##......... #
#..####### #.)#


You could see a phantom, blobert's ghost, a friendly shadow imp and a friendly
ufetubus.

Vanquished Creatures
  The ghost of Millea the Skirmisher, an amateur DsGl (D:3)
  3 orc priests (D:5)
  Terence (D:2)
  A worker ant (D:5)
  2 gnolls (D:3)
  7 adders
  An ooze (D:4)
  3 worms
  2 dart slugs (D:1)
  3 leopard geckos
  3 orcs
  3 giant cockroaches
  14 goblins
  9 hobgoblins
  10 jackals
  2 quokkas
  4 ball pythons
  10 bats
  5 frilled lizards
  9 kobolds
  10 rats
103 creatures vanquished.

Vanquished Creatures (collateral kills)
  A necrophage (D:4)
  Blork the orc (D:5)
  A crimson imp (D:5)
  An orc priest (D:5)
  A gnoll (D:3)
  An orc (D:5)
6 creatures vanquished.

Grand Total: 109 creatures vanquished

Notes
Turn   | Place    | Note
-------+----------+-------------------------------------------
     0 | D:1      | JeffiDaFish the Demonspawn Venom Mage began the quest for the Orb.
     0 | D:1      | Reached XP level 1. HP: 13/13 MP: 3/3
   244 | D:1      | Gained mutation: You have sharp fingernails. [demonic ancestry]
   244 | D:1      | Reached XP level 2. HP: 16/19 MP: 0/5
   746 | D:1      | Reached XP level 3. HP: 24/24 MP: 4/6
   980 | D:2      | Learned a level 3 spell: Mephitic Cloud
  1096 | D:2      | Found a white marble altar of Elyvilon.
  1112 | D:2      | Found an ancient bone altar of Kikubaaqudgha.
  1163 | D:2      | Noticed Terence
  1185 | D:2      | Reached skill level 1 in Conjurations
  1202 | D:2      | Reached skill level 1 in Axes
  1202 | D:2      | Gained mutation: A weak demonic guardian rushes to your aid. [demonic ancestry]
  1202 | D:2      | Reached XP level 4. HP: 9/30 MP: 1/7
  1226 | D:2      | Killed Terence
  1773 | D:3      | Found a shadowy altar of Dithmenos.
  1786 | D:3      | Noticed Millea's ghost (amateur DsGl)
  1816 | D:3      | Killed Millea's ghost
  1816 | D:3      | Reached XP level 5. HP: 24/36 MP: 2/8
  2113 | D:3      | Found a bloodstained altar of Trog.
  2144 | D:3      | Found a shattered altar of Ashenzari.
  2627 | D:4      | Found a bloodstained altar of Trog.
  2719 | D:4      | Reached skill level 1 in Air Magic
  2875 | D:4      | Reached skill level 1 in Fighting
  3254 | D:4      | Noticed a necrophage
  3268 | D:4      | Killed a necrophage
  3268 | D:4      | Reached XP level 6. HP: 39/43 MP: 10/10
  3371 | D:5      | Entered Level 5 of the Dungeon
  3403 | D:5      | Noticed Blork the orc
  3418 | D:5      | Killed Blork the orc
  3913 | D:5      | Noticed blobert's ghost (novice MfGl)
  3992 | D:5      | Mangled by blobert's ghost

Skill      XL: |  1  2  3  4  5  6 |
---------------+-------------------+-----
Stealth        | 2 3 |  3.0
Dodging        | 2 |  2.8
Conjurations   | 1 2 |  2.6
Axes           | 1 |  1.9
Air Magic      | 1 |  1.9
Fighting       | 1 |  1.6
Spellcasting   | 3 |  3.0
Poison Magic   | |  4.9

Action                   |  1- 3 |  4- 6 || total
-------------------------+-------+-------++-------
Melee: Hand axe          |    95 |   205 ||   300
       Unarmed           |     3 |       ||     3
 Cast: Sting             |    47 |    57 ||   104
       Mephitic Cloud    |       |    11 ||    11
  Use: Scroll            |     5 |     3 ||     8
       Potion            |     2 |     8 ||    10
 Stab: Confused          |       |     5 ||     5
       Distracted        |       |     2 ||     2
       Sleeping          |       |     2 ||     2
  Eat: Chunk             |     2 |    13 ||    15
Armor: Leather armour    |    59 |    97 ||   156
Dodge: Dodged            |    87 |   166 ||   253
